 Dungeon Crawl Stone Soup version 0.28.0 (webtiles) character file.

Game seed: 14603170861544967818

10 Hasart the Insei (level 2, 0/18 HPs)
             Began as an Octopode Transmuter on Feb 19, 2022.
             Slain by a jackal (1 damage)
             ... on level 1 of the Dungeon.
             The game lasted 00:00:18 (181 turns).

Hasart the Insei (Octopode Transmuter)               Turns: 181, Time: 00:00:19

Health: 0/18       AC:  1    Str:  9    XL:     2   Next: 20%
Magic:  5/5        EV: 13    Int: 15    God:
Gold:   6          SH:  0    Dex: 12    Spells: 4/5 levels left

rFire   . . .      SeeInvis .     - Unarmed
rCold   . . .      Faith    .   (no shield)
rNeg    . . .      Spirit   .   (helmet restricted)
rPois   .          Reflect  .   (no amulet)
rElec   .          Harm     .   (no ring)
rCorr   .          Rampage  .   (no ring)
Will    .....                   (no ring)
Stlth   ++........              (no ring)
HPRegen 0.06/turn               (no ring)
MPRegen 0.09/turn               (no ring)
                                (no ring)
                                (no ring)

@: no status effects
A: almost no armour, amphibious, 8 rings, camouflage 1, gelatinous body 1,
(nimble swimmer 1), tentacles
a: no special abilities


You were on level 1 of the Dungeon.
You visited 1 branch of the dungeon, and saw 1 of its levels.

You collected 6 gold pieces.

Inventory:

Jewellery
 a - a +4 ring of slaying
Scrolls
 d - a scroll of fear {unknown}
 e - a scroll of noise {unknown}
Potions
 b - a potion of curing {unknown}
 c - a potion of might {unknown}


   Skills:
 + Level 1.2 Fighting
 + Level 2.1 Dodging
 * Level 3.2 Unarmed Combat
 + Level 2.1 Spellcasting
 + Level 2.1 Transmutations


You had 4 spell levels left.
You knew the following spells:

 Your Spells              Type           Power      Damage    Failure   Level
a - Beastly Appendage     Tmut           16%        N/A       9%          1

Your spell library contained the following spells:

 Spells                   Type           Power      Damage    Failure   Level
 Wereblood                Tmut           8%         N/A       14%         2
 Spider Form              Tmut/Pois      4%         N/A       38%         3
 Ice Form                 Ice/Tmut       4%         N/A       80%         4


Dungeon Overview and Level Annotations

Branches:
Dungeon (1/15)

Altars:


Innate Abilities, Weirdness & Mutations

You cannot wear most types of armour.
You are amphibious.
You can wear up to eight rings at the same time.
Your skin changes colour to match your surroundings (Stealth+).
Your rubbery body absorbs attacks. (AC +1, EV +1)
((You are camouflaged when in or above water. (Stealth+)))
You have tentacles for arms and can constrict up to eight enemies at once.


Message History

You constrict the jackal.
The jackal bites you but does no damage.
You tentacle-slap the jackal. You squeeze the jackal.
You kill the jackal!
A kobold comes into view. It is wielding a +0 dagger.
You have reached level 2!
The kobold shouts!
You tentacle-slap the jackal. You grab the jackal.
The jackal is heavily wounded.
You constrict the jackal, but do no damage.
The jackal bites you. The jackal misses you.
You tentacle-slap the jackal but do no damage.
Your squeeze misses the jackal.
The jackal is heavily wounded.
You constrict the jackal, but do no damage.
The jackal bites you.
* * * LOW HITPOINT WARNING * * *
You tentacle-slap the jackal.
The jackal is almost dead.
You constrict the jackal.
You kill the jackal!
You tentacle-slap the hobgoblin but do no damage.
Your grab misses the hobgoblin.
The hobgoblin hits you but does no damage.
You barely miss the hobgoblin. You grab the hobgoblin.
Your squeeze misses the hobgoblin.
You constrict the hobgoblin, but do no damage.
The hobgoblin hits you.
* * * LOW HITPOINT WARNING * * *
You tentacle-slap the hobgoblin. You squeeze the hobgoblin.
You kill the hobgoblin!
The jackal closely misses you.
You tentacle-slap the jackal. Your grab misses the jackal.
The jackal is moderately wounded.
The jackal closely misses you.
You closely miss the jackal. You grab the jackal.
You tentacle-slap the jackal, but do no damage.
The jackal is moderately wounded.
You constrict the jackal. The jackal bites you.
You die...

.. ##. .≈ # #.. ≈.
#.#.# # #######≈
#.#.##.# #(.....# .
#......# #......##.#
###K######..........
#h# #.....†...## #@#
#..........#
#.###..........#
#..........###.#
#...............#.##
#.##...............#
# #.##....#..#.#..##
#.......#.......##
####....##.#......
#.#####.####.##


You could see a jackal and a kobold.

Vanquished Creatures
  An endoplasm (D:1)
  A giant cockroach (D:1)
  A hobgoblin (D:1)
  3 jackals (D:1)
  A kobold (D:1)
  A ball python (D:1)
8 creatures vanquished.

Notes
Turn   | Place    | Note
-------+----------+-------------------------------------------
     0 | D:1      | Hasart the Octopode Transmuter began the quest for the Orb.
     0 | D:1      | Reached XP level 1. HP: 13/13 MP: 3/3
   174 | D:1      | Reached XP level 2. HP: 8/18 MP: 5/5
   181 | D:1      | Slain by a jackal

Illustrated notes

Levels and vault maps discovered:
D:1:      minmay_arrival_four_houses, layout_loops_cross, serial_rivers,
          chequers_serial_rivers_small_3, chequers_serial_rivers_micro_c,
          chequers_serial_rivers_micro_e, chequers_serial_rivers_micro_d

Action                   || total
-------------------------++-------
Melee: Unarmed           ||    25
       Constrict         ||     8
       Tentacles         ||     4
       Punch             ||     2
 Stab: Sleeping          ||     1
Armor: Skin              ||     3
Dodge: Dodged            ||    15
